 Dungeon Crawl Stone Soup version 0.20-a0-1026-gc3ddcbd (webtiles) character file.

268732 magipi the Carver (level 20, -34/156 HPs)
             Began as a Gnoll Berserker on Apr 17, 2017.
             Was the Champion of Trog.
             Killed from afar by a deep elf annihilator (63 damage)
             ... with an iron shot
             ... on level 2 of the Elven Halls on Apr 20, 2017.
             The game lasted 04:17:52 (61037 turns).

magipi the Carver (Gnoll Berserker)                Turns: 61037, Time: 04:17:52

Health: -34/156    AC: 31    Str: 19    XL:     20   Next: 56%
Magic:  29/29      EV: 11    Int:  8    God:    Trog [******]
Gold:   613        SH:  6    Dex: 16    Spells: 19/19 levels left

rFire    + + .     SeeInvis +   a - +5 demon blade (vamp)
rCold    + . .     Gourm    .   V - +1 buckler {AC+3}
rNeg     . . .     Faith    +   K - +1 plate armour {rC+}
rPois    +         Spirit   .   d - +2 helmet
rElec    .         Reflect  .   F - +2 cloak
rCorr    .         Harm     .   u - +2 pair of gloves
MR       +....                  m - +1 pair of boots
Stlth    ..........             y - amulet "Tenurit" {Faith rF+ SInv}
Regen    0.4/turn               i - ring "Tuptimp" {+Fly rPois Dex-3 SInv Stlth+}
MPRegen  0.3/turn               f - ring of protection from fire

@: lethally poisoned (-34 -> -49), heavily drained
A: short attention span, fangs 1, strong nose
}: 1/15 runes: gossamer
a: Berserk, Trog's Hand, Brothers in Arms, Burn Spellbooks, Renounce Religion,
Evoke Flight


You were on level 2 of the Elven Halls.
You worshipped Trog.
Trog was exalted by your worship.
You were very hungry.

You visited 8 branches of the dungeon, and saw 37 of its levels.
You also visited: Labyrinth.

You collected 3509 gold pieces.
You spent 2896 gold pieces at shops.

Notes
Turn   | Place    | Note
-------+----------+-------------------------------------------
     0 | D:1      | magipi the Gnoll Berserker began the quest for the Orb.
     0 | D:1      | Reached XP level 1. HP: 20/20 MP: 1/1
   177 | D:1      | Reached XP level 2. HP: 26/26 MP: 2/2
   754 | D:1      | Reached XP level 3. HP: 28/32 MP: 3/3
  1063 | D:2      | Reached skill level 5 in Long Blades
  1107 | D:2      | Reached ** piety under Trog
  1149 | D:2      | You fall through a shaft for 2 floors!
  1155 | D:4      | Noticed kraktruk's ghost (novice DrTm)
  1304 | D:3      | Reached skill level 5 in Fighting
  1304 | D:3      | Reached skill level 1 in Throwing
  1307 | D:3      | Reached XP level 4. HP: 34/39 MP: 4/4
  1317 | D:3      | Noticed Robin
  1332 | D:3      | Killed Robin
  1739 | D:3      | Noticed Natasha
  1766 | D:3      | Killed Natasha
  1894 | D:3      | Reached XP level 5. HP: 42/44 MP: 5/5
  1960 | D:3      | Found a blossoming altar of Fedhas.
  1973 | D:3      | Noticed Natasha
  1985 | D:3      | Killed Natasha
  1985 | D:3      | Reached skill level 6 in Long Blades
  2002 | D:3      | Noticed Natasha
  2082 | D:2      | Found an iron altar of Okawaru.
  2721 | D:3      | Noticed Ijyb
  2721 | D:3      | Paralysed by Ijyb for 3 turns
  2729 | D:3      | Killed Ijyb
  2820 | D:3      | Killed Natasha
  2820 | D:3      | Reached XP level 6. HP: 46/52 MP: 6/6
  3076 | D:4      | Noticed a black bear
  3092 | D:3      | Killed a black bear
  3092 | D:3      | Reached skill level 7 in Long Blades
  3092 | D:3      | Reached skill level 5 in Dodging
  3335 | D:4      | Reached *** piety under Trog
  3335 | D:4      | Received a gift from Trog
  3425 | D:3      | Reached XP level 7. HP: 34/58 MP: 7/7
  3782 | D:4      | Killed kraktruk's ghost
  3782 | D:4      | Reached skill level 5 in Armour
  3950 | D:4      | Reached XP level 8. HP: 65/67 MP: 8/8
  3954 | D:4      | Reached skill level 8 in Long Blades
  3984 | D:4      | Found a bloodstained altar of Trog.
  4251 | D:5      | Entered Level 5 of the Dungeon
  4459 | D:5      | Reached skill level 5 in Throwing
  4511 | D:5      | Found Genucoxt's Armour Boutique.
  4540 | D:5      | Bought a +1 chain mail of cold resistance for 198 gold pieces
  4664 | D:5      | Got a bloodstained leather armour
  4665 | D:5      | Identified the cursed +1 leather armour of Creativity {-Tele rElec rC+ Dex+4} (You found it on level 5 of the Dungeon)
  4673 | D:5      | Found an ornate altar of the Wu Jian Council.
  4946 | D:5      | Reached skill level 1 in Evocations
  5457 | D:6      | Found an opulent altar of Gozag.
  5487 | D:6      | Found a snail-covered altar of Cheibriados.
  5490 | D:6      | Noticed Prince Ribbit
  5506 | D:6      | Killed Prince Ribbit
  5506 | D:6      | Reached XP level 9. HP: 70/74 MP: 10/10
  5559 | D:6      | Reached skill level 9 in Long Blades
  5753 | D:6      | Found a staircase to the Ecumenical Temple.
  5796 | D:6      | Found a glowing silver altar of Zin.
  6437 | D:7      | Received a gift from Trog
  6508 | D:7      | Found a shadowy altar of Dithmenos.
  6583 | D:7      | Found a sparkling altar of Nemelex Xobeh.
  6915 | D:7      | Reached XP level 10. HP: 82/82 MP: 13/13
  6922 | D:7      | Reached skill level 5 in Evocations
  7013 | D:7      | Reached **** piety under Trog
  7237 | D:8      | Received a gift from Trog
  7344 | D:8      | Noticed a two-headed ogre
  7354 | D:8      | Killed a two-headed ogre
  7413 | D:8      | Noticed a two-headed ogre
  7422 | D:8      | Killed a two-headed ogre
  7422 | D:8      | Reached skill level 10 in Long Blades
  8401 | D:9      | You fall through a shaft!
  8401 | D:10     | Entered Level 10 of the Dungeon
  8401 | D:10     | Found Plog's Magic Scroll Emporium.
  8401 | D:10     | Noticed a gargoyle
  8406 | D:10     | Killed a gargoyle
  8728 | D:10     | Reached XP level 11. HP: 89/89 MP: 16/16
  8938 | D:9      | Found a roughly hewn altar of Beogh.
  8993 | D:9      | Found a basalt altar of Yredelemnul.
  9115 | D:9      | Found a sacrificial altar of Ru.
  9258 | D:9      | Found a shattered altar of Ashenzari.
  9311 | D:9      | Found a hide-covered altar of Uskayaw.
  9312 | D:9      | Noticed a hand axe
  9313 | D:9      | Noticed a hand axe
  9573 | D:10     | Found a staircase to the Lair.
  9573 | D:10     | Noticed Erica
  9589 | D:10     | Killed Erica
  9954 | D:10     | Noticed Erolcha
  9959 | D:10     | Killed Erolcha
 10223 | D:10     | Bought 2 scrolls of teleportation for 96 gold pieces
 10223 | D:10     | Bought a scroll of teleportation for 48 gold pieces
 10467 | D:11     | Received a gift from Trog
 10517 | D:11     | Found a portal to a secret trove of treasure.
 11106 | D:11     | Found a staircase to the Orcish Mines.
 11158 | D:11     | Received a gift from Trog
 11430 | D:11     | Got a scorched long sword
 11431 | D:11     | Identified the +6 long sword of the Valley of Death {speed, rPois Str-5 Dex+5} (You found it on level 11 of the Dungeon)
 11557 | D:11     | Noticed a purple ugly thing
 11563 | D:11     | Killed a purple ugly thing
 11794 | D:12     | Noticed an unseen horror
 11803 | D:12     | Killed an unseen horror
 11803 | D:12     | Reached XP level 12. HP: 92/96 MP: 18/18
 11860 | D:12     | Reached ***** piety under Trog
 12099 | D:12     | Received a gift from Trog
 12247 | D:12     | Identified a scroll of acquirement
 12250 | D:12     | Got a fine buckler
 12256 | D:12     | Identified the +0 buckler of Gechagy {Stlth+} (You acquired it on level 12 of the Dungeon)
 12275 | D:12     | Reached skill level 11 in Long Blades
 12733 | Lair:1   | Entered Level 1 of the Lair of Beasts
 12789 | Lair:1   | Reached skill level 1 in Shields
 13640 | Lair:1   | Received a gift from Trog
 13965 | Lair:2   | Found a labyrinth entrance.
 13977 | Lab      | Entered a labyrinth
 14150 | Lab      | Reached skill level 10 in Fighting
 14318 | Lab      | Noticed a minotaur
 14326 | Lab      | Killed a minotaur
 14330 | Lab      | Identified the Papyrus of the Snowflakes
 14331 | Lab      | Got a sparkling amber ring
 14344 | Lab      | Identified the ring "Tuptimp" {+Fly rPois Dex-3 SInv Stlth+} (You found it in a labyrinth)
 14522 | Lair:2   | Received a gift from Trog
 14546 | Lair:2   | Got a slimy scarf
 14552 | Lair:2   | Identified the scarf of the Great Game {rCorr Int+5} (You acquired it on level 2 of the Lair of Beasts)
 14670 | Lair:2   | Reached skill level 10 in Dodging
 14695 | Lair:2   | Found a hole to the Spider Nest.
 14757 | Lair:2   | Reached XP level 13. HP: 82/103 MP: 19/19
 14863 | Lair:2   | Received a gift from Trog
 15594 | Lair:2   | Reached skill level 10 in Armour
 16212 | Lair:3   | Paralysed by a hornet for 2 turns
 16988 | Lair:3   | Found a blossoming altar of Fedhas.
 18862 | Lair:4   | Found a staircase to the Shoals.
 18874 | Lair:4   | Reached XP level 14. HP: 111/111 MP: 21/21
 18997 | Lair:4   | Received a gift from Trog
 19907 | Lair:5   | Received a gift from Trog
 20291 | Lair:4   | Reached skill level 10 in Throwing
 21259 | Lair:5   | Received a gift from Trog
 21858 | Lair:6   | Entered Level 6 of the Lair of Beasts
 21925 | Lair:5   | Received a gift from Trog
 21931 | Lair:5   | Reached skill level 10 in Evocations
 22468 | Lair:6   | Reached XP level 15. HP: 112/118 MP: 22/22
 23221 | Lair:6   | Found a viscous altar of Jiyva.
 23221 | Lair:6   | Found a staircase to the Slime Pits.
 23611 | Lair:6   | Received a gift from Trog
 24338 | Orc:1    | Entered Level 1 of the Orcish Mines
 24469 | Orc:1    | Reached ****** piety under Trog
 24581 | Orc:2    | Entered Level 2 of the Orcish Mines
 24669 | Orc:2    | Found a roughly hewn altar of Beogh.
 24842 | Orc:2    | Noticed Saint Roka
 24861 | Orc:2    | Killed Saint Roka
 25496 | Orc:2    | Received a gift from Trog
 25586 | Orc:2    | Found a staircase to the Elven Halls.
 25922 | Orc:2    | Found Vadece's Gadget Emporium.
 25922 | Orc:2    | Found Rolepp's Antique Weapon Shoppe.
 25922 | Orc:2    | Found Daipa's Weapon Emporium.
 25925 | Orc:2    | Found Xuqiuryu's Weapon Emporium.
 26833 | Orc:1    | Received a gift from Trog
 27132 | Orc:2    | Received a gift from Trog
 27520 | Orc:2    | Reached skill level 12 in Long Blades
 27688 | Orc:2    | Bought a wand of enslavement (14/24) for 192 gold pieces
 27688 | Orc:2    | Bought a wand of digging (12/24) for 384 gold pieces
 27688 | Orc:2    | Bought a wand of scattershot (5/9) for 324 gold pieces
 28027 | Orc:1    | Received a gift from Trog
 28133 | Orc:1    | Noticed Nergalle
 28150 | Orc:1    | Killed Nergalle
 28758 | D:13     | Reached XP level 16. HP: 125/125 MP: 23/23
 29150 | D:13     | Found a gate to the Vaults.
 29633 | D:14     | Found a stormy altar of Qazlal.
 30520 | D:14     | Received a gift from Trog
 31139 | D:15     | Entered Level 15 of the Dungeon
 31680 | D:15     | Noticed a sphinx
 31680 | D:15     | a stone giant changed into a sphinx
 31684 | D:15     | Killed a sphinx
 32049 | D:15     | Received a gift from Trog
 32535 | D:15     | Found a staircase to the Depths.
 32544 | D:15     | Upgraded the game from 0.20-a0-1018-ge435b50 to 0.20-a0-1020-g7b9e4fe
 32745 | Spider:1 | Entered Level 1 of the Spider Nest
 32746 | Spider:1 | Noticed Nikola
 32822 | Shoals:1 | Entered Level 1 of the Shoals
 33685 | Shoals:1 | Received a gift from Trog
 33902 | Shoals:1 | Found Xoduonai's General Store.
 33957 | Shoals:1 | Reached XP level 17. HP: 132/132 MP: 25/25
 34073 | Shoals:2 | Noticed Polyphemus
 34074 | Shoals:2 | Noticed a kraken
 34107 | Shoals:1 | You fall through a shaft!
 34121 | Shoals:2 | Received a gift from Trog
 35123 | Spider:1 | Killed Nikola
 35123 | Spider:1 | Received a gift from Trog
 35126 | Spider:1 | Identified the +1 falchion "Pyecan" {drain, Int+5} (Trog gifted it to you on level 1 of the Spider Nest)
 35920 | Spider:1 | Noticed Roxanne
 37833 | Spider:2 | Noticed Kirke
 38161 | Spider:2 | Killed Kirke
 38544 | Spider:2 | Received a gift from Trog
 39146 | Spider:2 | Got a steaming ring mail
 39147 | Spider:2 | Identified the cursed +0 ring mail of the Sturgeon {rElec} (You found it on level 2 of the Spider Nest)
 39429 | Spider:3 | Received a gift from Trog
 39554 | Spider:3 | Identified the +6 falchion of the Eight Tales {venom, rN+ Int+4} (You found it on level 3 of the Spider Nest)
 40362 | Spider:4 | Entered Level 4 of the Spider Nest
 40500 | Spider:3 | Received a gift from Trog
 41665 | Spider:4 | Reached XP level 18. HP: 131/140 MP: 26/26
 42618 | Spider:4 | Received a gift from Trog
 42976 | Spider:4 | Got a gossamer rune of Zot
 44318 | Shoals:2 | Killed Polyphemus
 46441 | Shoals:3 | Reached skill level 13 in Long Blades
 46446 | Shoals:3 | Received a gift from Trog
 46743 | Shoals:3 | Noticed Ilsuiw
 47052 | Shoals:3 | Killed Ilsuiw
 47127 | Shoals:3 | Upgraded the game from 0.20-a0-1020-g7b9e4fe to 0.20-a0-1026-gc3ddcbd
 47129 | Shoals:4 | Entered Level 4 of the Shoals
 47130 | Shoals:4 | Noticed Jorgrun
 47440 | Vaults:1 | Entered Level 1 of the Vaults
 47564 | Depths:1 | Entered Level 1 of the Depths
 47612 | Depths:1 | Paralysed by a great orb of eyes for 6 turns
 48946 | Vaults:1 | Found Pinok's Armour Boutique.
 50060 | Vaults:1 | Reached XP level 19. HP: 141/147 MP: 9/28
 50780 | Vaults:1 | Received a gift from Trog
 51478 | Vaults:1 | Received a gift from Trog
 54216 | Vaults:2 | Received a gift from Trog
 54456 | Vaults:2 | HP: 10/222 [jiangshi (9)]
 55371 | Vaults:2 | Noticed Sojobo
 56106 | Depths:1 | Got a jewelled hat
 56107 | Depths:1 | Identified the +2 hat of the Exiled Gods {-Tele rF- Regen+ SInv} (You found it on level 1 of the Depths)
 56115 | Depths:1 | Found a radiant altar of Vehumet.
 56398 | Depths:1 | Received a gift from Trog
 56460 | Depths:1 | Noticed Asterion
 56472 | Depths:1 | Killed Asterion
 57164 | Depths:1 | Paralysed by a great orb of eyes for 2 turns
 57172 | Depths:1 | Paralysed by a great orb of eyes for 7 turns
 57239 | Depths:1 | Reached XP level 20. HP: 146/156 MP: 29/29
 57424 | Depths:1 | Found a gateway to a ziggurat.
 57941 | Depths:1 | Got a polished cloak
 57942 | Depths:1 | Identified the cursed -4 cloak "Poeserr" {+Blink} (You found it on level 1 of the Depths)
 58001 | Depths:1 | Found a gateway to Hell.
 59248 | Elf:1    | Entered Level 1 of the Elven Halls
 59264 | Elf:1    | Received a gift from Trog
 59381 | Elf:1    | Found Luomevyt's Distillery.
 59384 | Elf:1    | Bought a potion of invisibility for 80 gold pieces
 59384 | Elf:1    | Bought a potion of heal wounds for 50 gold pieces
 59384 | Elf:1    | Bought a potion of haste for 100 gold pieces
 59384 | Elf:1    | Bought a potion of invisibility for 80 gold pieces
 59384 | Elf:1    | Bought a potion of heal wounds for 50 gold pieces
 59384 | Elf:1    | Bought a potion of haste for 100 gold pieces
 59384 | Elf:1    | Bought a potion of curing for 30 gold pieces
 59778 | Elf:1    | Received a gift from Trog
 60387 | Elf:1    | Found Noebrue's Gadget Emporium.
 60387 | Elf:1    | Found Raiger's Jewellery Shop.
 60388 | Elf:1    | Found Sirgh's Gadget Emporium.
 60737 | Elf:1    | Bought the amulet "Tenurit" {Faith rF+ SInv} for 1164 gold pieces
 60823 | Elf:2    | Reached skill level 14 in Long Blades
 61037 | Elf:2    | Killed from afar by a deep elf annihilator

Inventory:

Hand Weapons
 a - a +5 vampiric demon blade (weapon)
 b - a +2 antimagic double sword
Missiles
 H - 17 javelins of penetration
 R - 8 poisoned javelins (quivered)
Armour
 d - a +2 helmet (worn)
 m - a +1 pair of boots (worn)
 u - a +2 pair of gloves (worn)
 F - a +2 cloak (worn)
 K - a +1 plate armour of cold resistance (worn)
 V - a +1 buckler of protection (worn)
 X - a +2 ring mail of fire resistance
Jewellery
 f - a ring of protection from fire (right hand)
 i - the ring "Tuptimp" (left hand) {+Fly rPois Dex-3 SInv Stlth+}
   (You found it in a labyrinth)

   [ring of flight]

   It affects your dexterity (-3).
   It protects you from poison.
   It lets you see invisible.
   It lets you fly.
   It makes you more stealthy.
 n - an uncursed ring of positive energy
 o - an uncursed ring of flight
 y - the amulet "Tenurit" (around neck) {Faith rF+ SInv}
   (You bought it in a shop on level 1 of the Elven Halls)

   [amulet of faith]

   It allows you to gain divine favour quickly.
   It protects you from fire.
   It lets you see invisible.
Wands
 e - a wand of clouds (2/9)
 q - a wand of scattershot (0/9)
 t - a wand of paralysis (8/24)
 w - a wand of iceblast (8/15)
 z - a wand of digging (0/24)
 J - a wand of digging (8/24)
 M - a wand of disintegration (10/24)
 O - a wand of paralysis (9/24)
 Q - a wand of lightning (6/15)
 T - a wand of polymorph (13/24)
 Z - a wand of enslavement (10/24)
Scrolls
 h - 9 scrolls of remove curse
 j - 4 scrolls of identify
 v - 7 scrolls of recharging
 C - 4 scrolls of fear
 D - 7 scrolls of teleportation
 E - 7 scrolls of enchant armour
 G - 3 scrolls of magic mapping
 U - 6 scrolls of fog
 Y - 2 scrolls of summoning
Potions
 g - 6 potions of agility
 l - 6 potions of haste
 p - 6 potions of curing
 r - 3 potions of invisibility
 s - 3 potions of cancellation
 A - 3 potions of flight
 B - 2 potions of heal wounds
 L - 3 potions of might
 N - 3 potions of ambrosia
Miscellaneous
 k - a phantom mirror
 I - a phial of floods
Comestibles
 c - 7 bread rations
 x - 7 meat rations


   Skills:
 + Level 13.3(11.8) Fighting
 + Level 14.0(12.4) Long Blades
 - Level 11.3(9.9) Throwing
 - Level 11.6(10.2) Armour
 - Level 11.7(10.2) Dodging
 - Level 4.6(3.4) Shields
 + Level 12.9(11.4) Evocations


You had 19 spell levels left.
You didn't know any spells.

Dungeon Overview and Level Annotations

Branches:
Dungeon (15/15)            Temple (0/1) D:6            Lair (6/6) D:10
 Shoals (4/4) Lair:4       Spider (4/4) Lair:2        Slime (0/5) Lair:6
    Orc (2/2) D:11            Elf (2/3) Orc:2        Vaults (2/5) D:13
 Depths (2/5) D:15
  Crypt: Vaults:2-3

Altars:
Ashenzari
Cheibriados
Dithmenos
Fedhas
Gozag
Nemelex Xobeh
Okawaru
Qazlal
Ru
Trog
Uskayaw
Vehumet
Wu Jian
Yredelemnul
Zin
Beogh
Jiyva

Shops:
D:5 [   D:10 ?   Orc:2 }(((   Elf:1 }=!   Shoals:1 *   Vaults:1 [

Portals:
Hell: Depths:1
Ziggurat: Depths:1
Trove: D:11 (give 6 scrolls of blinking)

Annotations:
Shoals:4 Jorgrun
Spider:1 exclusion: Roxanne, Roxanne
Spider:2 exclusion: upstairs
Vaults:1 exclusion: downstairs
Vaults:2 exclusion: door, Sojobo


Innate Abilities, Weirdness & Mutations

You have a short attention span.
You have very sharp teeth.
Your uncanny sense of smell can sniff out nearby items.

Vault maps used:
D:1:      lemuel_arrival_funnel, minmay_split_cup_small
D:2:      okawaru_trees_1, serial_corexii_hall, corexii_hall_statues_l,
          corexii_hall_statues_i
D:3:      lemuel_crystal_altar, corexii_corridor_pit, uniq_robin, uniq_natasha,
          uniq_iyjb
D:4:      first_bread, trog_hazing_becter
D:5:      kennysheep_little_box, serial_shops, shop
D:6:      lemuel_doored_altar, grunt_gozag_breadcrumbs, kennysheep_mini,
          minmay_temple_entry_trees, grunt_ministairs_10, uniq_prince_ribbit1
D:7:      nemelex_xobeh_ov_fountains_minmay, old_standard_altar,
          minmay_splitting_lines, grunt_livestock, kennysheep_pointless_box
D:9:      dancing_weapons_uskayaw, nicolae_ru_sacrificial_ziggurat,
          overflow_temple_1_default, basic_altar, david_defended_altar_orc
D:10:     david_lair_shrubbed, serial_shops, nicolae_shop_stone, uniq_erica,
          uniq_erolcha
D:11:     kennysheep_orc_monster_closet_entryway,
          nicolae_trove_entry_free_sample
D:13:     lightli_vaults_fourway_checkpoint, hangedman_decor_clover_reticule,
          lemuel_flamethrower_3
D:14:     moated_statue, kennysheep_diamond, grunt_qazlal_clouds
D:15:     gammafunk_enter_depths_forms, serial_bayou, serial_bayou_pond_a,
          serial_bayou_pond_a, serial_bayou_pond_a, serial_bayou_pond_e,
          serial_bayou_shore_b, serial_bayou_crossing, tgw_xom
Lair:1:   minmay_lair_oklob_items, beast_lair_carwin_9
Lair:2:   nicolae_spider_entry_tight_spaces, lab_entry_generic,
          grunt_megastairs_2
Lair:3:   minmay_lair_venomous_thicket, minivault_25, lemuel_centaur_altar,
          grunt_megastairs_3, lemuel_fruit_tree
Lair:4:   elwin_shoals_entry_stream, serial_bayou_shore_a
Lair:5:   dragon1_lemuel, enter_volcano_2, serial_bayou_pond_a,
          beast_lair_carwin_6
Lair:6:   grunt_lair_end_beastmaster, dpeg_slime_entry_enclosed_altar,
          minmay_stone_trees_medium
Shoals:1: serial_shops, shop
Shoals:2: uniq_polyphemus
Shoals:3: argonaut_golden_fleece, uniq_ilsuiw
Shoals:4: shoals_end_simple, shoals_ilsuiw_alternative, uniq_jorgrun
Spider:1: uniq_nikola, uniq_roxanne
Spider:2: nicolae_spider_webbed_stairs, uniq_kirke
Spider:4: spider_rune_water
Orc:1:    rock_pile, uniq_nergalle
Orc:2:    st_orc_pillars, basic_altar, special_room, uniq_saint_roka
Elf:1:    elf_arrival_001, serial_shops, nicolae_shop_trees,
          kennysheep_underground_church, minmay_shop_grove
Elf:2:    small_chamber_with_monster, uniq_donald
Vaults:1: nicolae_vaults_angled_halls, v_pattern_3, hangedman_vaults_restitches,
          vaults_dpeg_hooks, ontoclasm_vaults_decontamination,
          nicolae_vaults_twisting_passages, vaults_room_octagon,
          nicolae_vaults_little_squares_5, vaults_room_pool, vaults_room_pools,
          vaults_room_hallway, vaults_dpeg_encased_lava, vaults_room_semicircle,
          serial_shops, shop_statue
Vaults:2: minmay_crypt_entry_simple_box, grunt_vaults_funnel,
          grunt_vaults_diagonal, hangedman_vaults_impose, v_pattern_2,
          vaults_mumra_hex, nicolae_vaults_theta, vaults_room_corners,
          hangedman_vaults_slice, ontoclasm_vaults_hangar, uniq_sojobo
Depths:1: enter_ziggurat_b, pf_hell_entry_great_geh, corexii_corridor_pit,
          grunt_tower_of_power, uniq_asterion
Depths:2: radiant_caverns_b_rkd, hell_entry
Lab:      labyrinth_mini_lab, nicolae_lab_arrow, nicolae_lab_x, lab_block,
          labyrinth_lava_lair, nicolae_lab_blocks, nicolae_lab_lava,
          nicolae_lab_garden, nicolae_lab_dead_end


Message History

a short sword; an elf corpse
There is a stone staircase leading up here.
You climb upwards.
There is a stone staircase leading down here.
There is an open door here.
There is an open door, spattered with blood here.
You see here an arrow.
There is an open door here.
There is an open door here.
There is an open door here.
There is an open door here.
You see here a robe.
There is an open door here.
There is an open door here.
There is an open door here.
There is a shaft here.
There is an open door here.
You see here a long sword.
There is a stone staircase leading down here.
Search for what [Enter for "drag", or ? for help]? demo You start resting.
HP restored.
You climb downwards.
You are feeling very hungry.
Found 19 gold pieces and 28 stones.
Found a stone staircase leading up.
There is a stone staircase leading up here.
Unknown command.
A deep elf mage comes into view. It is wielding a rapier.
The deep elf mage shouts!
Found 26 gold pieces.
The deep elf mage casts a spell.
Found a ring mail.
The deep elf mage casts a spell.
The red devil hits you but does no damage.
The deep elf mage hits you but does no damage.
You hit the deep elf mage but do no damage.
The red devil hits you but does no damage.
You slash the deep elf mage!
The deep elf mage is moderately wounded.
The redback bites you!
The deep elf mage hits you but does no damage.
The red devil hits you but does no damage.
You slice the deep elf mage!!
The deep elf mage is severely wounded.
The redback bites you.
You are poisoned.
The redback poisons you!
You slash the deep elf mage!
You feel better.
You kill the deep elf mage!
Trog accepts your kill.
Trog appreciates your killing of a magic user.
The red devil disappears in a puff of smoke!
The redback disappears in a puff of smoke!
The hell rat disappears in a puff of smoke!
You feel sick.
You feel very sick.
Things that are here:
a rapier; a scale mail You feel sick.
You feel sick.
You feel sick.
You feel sick.
You feel sick.
You feel sick.
You feel sick.
You feel sick.
You now have 613 gold pieces (gained 26).
You feel sick.
You feel sick.
You feel sick.
You feel sick.
You feel sick.
A deep elf annihilator opens the large door.
You feel sick.
The deep elf annihilator casts a spell at you.
The poison arrow hits you!
You are more poisoned.
You partially resist.
You feel sick.
You feel sick.
The deep elf annihilator points at you and mumbles some strange words.
The crystal spear hits you!
You feel sick.
The deep elf annihilator casts a spell at you.
The crystal spear hits you!
* * * LOW HITPOINT WARNING * * *
You feel sick.
The deep elf annihilator gestures at you while chanting.
The poison arrow hits you!
You are more poisoned.
Unknown command.
You feel sick.
The deep elf annihilator casts a spell.
The deep elf annihilator blinks!
There is a stone staircase leading up here.
Unknown command.
You feel sick.
The deep elf annihilator points at you and mumbles some strange words.
The iron shot hits you!
You die...

##.........## ##...##
#...........# ##.....##
#.....).....###.......###
#(..........##....♣....).
#.........<.§'...♣⌠♣...##
#........e..##....♣...<#
##....$....####.......##
##.......+# ##.....##
##....@## ##...## ###+###
##+## ∆ ∆


You could see a deep elf annihilator.

Vanquished Creatures
  A lich (Depths:1)
  A sphinx (shapeshifter) (D:15)
  Polyphemus (Shoals:2)
  Kirke (Spider:2)
  3 tengu reavers
  Ilsuiw (Shoals:3)
  2 ghost moths
  2 vault wardens
  A frost giant (Depths:1)
  3 fire giants (Depths:1)
  An emperor scorpion (Spider:4)
  2 war gargoyles (Depths:1)
  3 ironheart preservers
  5 stone giants (Depths:1)
  2 very ugly things
  4 entropy weavers
  4 spark wasps
  A crystal guardian (Depths:2)
  7 ettins (Depths:1)
  A deep elf death mage (Elf:1)
  4 fire dragons
  Erolcha (D:10)
  3 yaktaur captains
  A deep elf high priest (Elf:1)
  2 rakshasas
  4 great orbs of eyes
  A jiangshi (Vaults:2)
  2 vault guards (Vaults:1)
  5 ice dragons
  3 catoblepae
  8 hydras
  An alligator snapping turtle (Shoals:1)
  A merfolk avatar (Shoals:3)
  20 two-headed ogres
  5 centaur warriors
  3 dancing weapons (Elf:1)
  Erica (D:10)
  A satyr (Shoals:2)
  3 merfolk aquamancers
  A deep troll shaman (Lair:6)
  6 ogre magi
  5 tengu warriors
  17 death yaks
  4 orc high priests (Orc:2)
  4 deep elf knights
  Nergalle (Orc:1)
  9 sea snakes
  4 deep trolls
  6 unseen horrors
  11 skeletal warriors
  An unseen horror (shapeshifter) (Vaults:1)
  3 glowing orange brains
  3 deep elf archers
  2 wizards
  An orb spider (shapeshifter) (D:15)
  A lindwurm (Lair:6)
  10 orc knights
  16 orb spiders
  6 ironbrand convokers
  25 wolf spiders
  3 orc sorcerers
  20 deep elf magi
  8 cyclopes
  7 manticores
  23 ugly things
  2 fauns (Shoals:2)
  2 moths of wrath
  25 elephants
  An oklob plant (Lair:1)
  8 merfolk sirens
  An eye of devastation (shapeshifter) (Depths:1)
  8 vault sentinels
  2 water nymphs (Shoals:2)
  The ghost of kraktruk the Ruffian, a novice DrTm (D:4)
  9 gargoyles
  3 naga magi (Depths:1)
  A black mamba (shapeshifter) (D:15)
  3 black mambas
  2 molten gargoyles (Depths:2)
  15 spiny frogs
  A torpor snail (Spider:4)
  3 rime drakes
  5 yaktaurs
  8 komodo dragons
  3 kobold demonologists
  2 efreet (D:14)
  A freezing wraith (D:14)
  10 demonic crawlers
  A queen bee (shapeshifter) (Vaults:1)
  18 merfolk
  4 tengu conjurers
  6 polar bears
  A polar bear (shapeshifter) (Vaults:1)
  29 jumping spiders
  Prince Ribbit (D:6)
  9 hornets
  8 snapping turtles
  10 slime creatures
  8 trolls
  4 wind drakes
  A meliai zombie (D:13)
  16 blink frogs
  2 dream sheep (shapeshifter)
  A minotaur skeleton (Lab)
  12 hippogriffs
  30 dream sheep
  3 shadows
  28 tarantellas
  12 water elementals
  An air elemental (Elf:1)
  2 vampires
  A tarantella (shapeshifter) (D:15)
  3 wyverns
  24 yaks
  75 redbacks
  3 fire elementals (Depths:2)
  5 hungry ghosts
  2 wraiths
  4 basilisks
  A human (D:7)
  9 hogs
  2 vampire mosquitoes (D:14)
  2 wargs
  2 acid dragons
  12 water moccasins
  A floating eye (shapeshifter) (Depths:2)
  10 porcupines
  5 ice beasts
  A phantom (D:13)
  3 black bears
  5 sky beasts
  36 orc warriors
  A sky beast (shapeshifter) (Elf:1)
  An eye of draining (D:15)
  A necrophage (D:13)
  32 ogres
  30 wolves
  4 boggarts (Vaults:1)
  21 centaurs
  17 crocodiles
  8 big kobolds
  16 bullfrogs
  A gnoll sergeant (D:11)
  2 earth elementals
  A wyvern skeleton (D:10)
  3 scorpions
  A water moccasin skeleton (D:6)
  A troll skeleton (Lab)
  A howler monkey (D:8)
  20 wights
  A spriggan skeleton (Lab)
  7 electric eels
  11 crimson imps
  7 centaur zombies
  2 bullfrog zombies
  2 bullfrog skeletons
  33 orc priests
  5 jellies
  2 quasits
  9 hounds
  6 centaur skeletons
  3 iguanas
  Ijyb (D:3)
  24 orc wizards
  9 worker ants
  Natasha (thrice) (D:3)
  2 hound skeletons
  Robin (D:3)
  A howler monkey zombie (D:10)
  2 gnolls (D:11)
  14 adders
  4 shadow imps
  3 adder skeletons
  A worm (D:3)
  2 dart slugs
  10 leopard geckos
  A leopard gecko (shapeshifter) (Depths:2)
  117 orcs
  3 giant cockroaches
  13 goblins
  14 hobgoblins
  9 jackals
  3 quokkas
  12 bats
  6 frilled lizards
  A jackal skeleton (D:8)
  29 kobolds
  A quokka skeleton (D:4)
  9 rats
  3 plants
  A tentacle (Shoals:2)
1389 creatures vanquished.

Vanquished Creatures (collateral kills)
  Saint Roka (Orc:2)
  Nikola (Spider:1)
  A minotaur (Lab)
  A merfolk impaler (Shoals:3)
  3 merfolk javelineers
  4 vault guards (D:13)
  A catoblepas (Shoals:2)
  A two-headed ogre (D:13)
  An alligator snapping turtle (Shoals:3)
  2 orc high priests (Orc:2)
  3 orb spiders
  An ugly thing (Depths:1)
  3 merfolk sirens
  A demonic crawler (Spider:4)
  5 merfolk
  A troll (D:13)
  2 jumping spiders
  3 orc warriors (Orc:2)
  An ogre (Orc:2)
  An orc priest (Orc:2)
  2 orcs (Orc:2)
39 creatures vanquished.

Vanquished Creatures (others)
  Asterion (Depths:1)
  A wolf spider (Spider:4)
  2 deep elf magi (Elf:1)
  A shadow (D:15)
  A tarantella (Spider:4)
  An air elemental (Depths:2)
  A wyvern (D:13)
  A water moccasin (Lair:6)
  A bullfrog (D:13)
  A ball lightning (Depths:2)
  2 bushes
  21 fungi
  26 plants
  16 tentacles (Shoals:2)
76 creatures vanquished.

Grand Total: 1504 creatures vanquished

Action                   |  1- 3 |  4- 6 |  7- 9 | 10-12 | 13-15 | 16-18 | 19-21 || total
-------------------------+-------+-------+-------+-------+-------+-------+-------++-------
Melee: Falchion          |    97 |   175 |   140 |       |       |       |       ||   412
       Bite              |    15 |    23 |    60 |    85 |   255 |   417 |   291 ||  1146
       Dagger            |       |    48 |   242 |       |       |       |       ||   290
       Great sword       |       |       |    36 |   171 |       |       |       ||   207
       Scimitar          |       |       |       |   497 |  1613 |  2305 |    85 ||  4500
       Double sword      |       |       |       |       |       |   239 |   664 ||   903
       Unarmed           |       |       |       |       |       |     1 |       ||     1
       Demon blade       |       |       |       |       |       |       |   752 ||   752
Throw: Javelin           |     1 |     2 |     9 |    10 |    86 |    91 |    38 ||   237
       Throwing net      |       |       |       |       |       |       |     2 ||     2
Invok: Berserk           |     1 |     4 |     4 |    10 |    15 |    20 |    14 ||    68
       Trog's Hand       |       |       |       |     2 |     1 |     8 |     8 ||    19
       Burn Spellbooks   |       |       |       |     3 |     2 |     4 |     3 ||    12
       Brothers in Arms  |       |       |       |     1 |     5 |     6 |     1 ||    13
Evoke: Wand              |       |       |       |       |    20 |    40 |     3 ||    63
       Phial of floods   |       |       |       |       |       |       |     1 ||     1
  Use: Potion            |       |     5 |       |       |     1 |     6 |     4 ||    16
       Scroll            |       |       |    17 |    16 |    13 |    14 |    11 ||    71
 Stab: Distracted        |       |       |       |     2 |       |     1 |       ||     3
       Paralysed         |       |       |       |       |    14 |    25 |       ||    39
       Petrified         |       |       |       |       |       |     6 |       ||     6
       Confused          |       |       |       |       |       |     2 |       ||     2
  Eat: Chunk             |     1 |    10 |    10 |    22 |    41 |    25 |    23 ||   132
       Fruit             |       |       |     4 |     1 |    14 |     1 |     2 ||    22
       Royal jelly       |       |       |     1 |     7 |     5 |     2 |     2 ||    17
       Bread ration      |       |       |       |     1 |       |     7 |     3 ||    11
       Meat ration       |       |       |       |       |     1 |     7 |     3 ||    11
Armor: Animal skin       |     9 |       |       |       |       |       |       ||     9
       Ring mail         |    27 |    24 |       |       |       |       |       ||    51
       Skin              |       |     5 |       |       |       |       |       ||     5
       Scale mail        |       |    48 |    39 |       |       |       |       ||    87
       Chain mail        |       |       |   127 |   206 |       |       |       ||   333
       Leather armour    |       |       |     9 |       |       |     5 |       ||    14
       Plate armour      |       |       |       |   119 |   848 |  1498 |   683 ||  3148
Dodge: Dodged            |    77 |   144 |   167 |   340 |   723 |  1119 |   478 ||  3048
Block: Buckler           |       |       |       |    40 |   361 |   660 |   308 ||  1369
       Rpst.: Falchion   |    33 |    37 |    15 |       |       |       |       ||    85
       Great sword       |       |       |     6 |    37 |       |       |       ||    43
       Scimitar          |       |       |       |    72 |   187 |   218 |     9 ||   486
       Double sword      |       |       |       |       |       |    19 |    60 ||    79
       Demon blade       |       |       |       |       |       |       |    48 ||    48

Action                   |  1- 3 |  4- 6 |  7- 9 | 10-12 | 13-15 | 16-18 | 19-21 || total
-------------------------+-------+-------+-------+-------+-------+-------+-------++-------
Melee: Falchion          |    97 |   175 |   140 |       |       |       |       ||   412
       Bite              |    15 |    23 |    60 |    85 |   255 |   417 |   291 ||  1146
       Dagger            |       |    48 |   242 |       |       |       |       ||   290
       Great sword       |       |       |    36 |   171 |       |       |       ||   207
       Scimitar          |       |       |       |   497 |  1613 |  2305 |    85 ||  4500
       Double sword      |       |       |       |       |       |   239 |   664 ||   903
       Unarmed           |       |       |       |       |       |     1 |       ||     1
       Demon blade       |       |       |       |       |       |       |   752 ||   752
Throw: Javelin           |     1 |     2 |     9 |    10 |    86 |    91 |    38 ||   237
       Throwing net      |       |       |       |       |       |       |     2 ||     2
Invok: Berserk           |     1 |     4 |     4 |    10 |    15 |    20 |    14 ||    68
       Trog's Hand       |       |       |       |     2 |     1 |     8 |     8 ||    19
       Burn Spellbooks   |       |       |       |     3 |     2 |     4 |     3 ||    12
       Brothers in Arms  |       |       |       |     1 |     5 |     6 |     1 ||    13
Evoke: Wand              |       |       |       |       |    20 |    40 |     3 ||    63
       Phial of floods   |       |       |       |       |       |       |     1 ||     1
  Use: Potion            |       |     5 |       |       |     1 |     6 |     4 ||    16
       Scroll            |       |       |    17 |    16 |    13 |    14 |    11 ||    71
 Stab: Distracted        |       |       |       |     2 |       |     1 |       ||     3
       Paralysed         |       |       |       |       |    14 |    25 |       ||    39
       Petrified         |       |       |       |       |       |     6 |       ||     6
       Confused          |       |       |       |       |       |     2 |       ||     2
  Eat: Chunk             |     1 |    10 |    10 |    22 |    41 |    25 |    23 ||   132
       Fruit             |       |       |     4 |     1 |    14 |     1 |     2 ||    22
       Royal jelly       |       |       |     1 |     7 |     5 |     2 |     2 ||    17
       Bread ration      |       |       |       |     1 |       |     7 |     3 ||    11
       Meat ration       |       |       |       |       |     1 |     7 |     3 ||    11
Armor: Animal skin       |     9 |       |       |       |       |       |       ||     9
       Ring mail         |    27 |    24 |       |       |       |       |       ||    51
       Skin              |       |     5 |       |       |       |       |       ||     5
       Scale mail        |       |    48 |    39 |       |       |       |       ||    87
       Chain mail        |       |       |   127 |   206 |       |       |       ||   333
       Leather armour    |       |       |     9 |       |       |     5 |       ||    14
       Plate armour      |       |       |       |   119 |   848 |  1498 |   683 ||  3148
Dodge: Dodged            |    77 |   144 |   167 |   340 |   723 |  1119 |   478 ||  3048
Block: Buckler           |       |       |       |    40 |   361 |   660 |   308 ||  1369
       Rpst.: Falchion   |    33 |    37 |    15 |       |       |       |       ||    85
       Great sword       |       |       |     6 |    37 |       |       |       ||    43
       Scimitar          |       |       |       |    72 |   187 |   218 |     9 ||   486
       Double sword      |       |       |       |       |       |    19 |    60 ||    79
       Demon blade       |       |       |       |       |       |       |    48 ||    48
